 Dungeon Crawl Stone Soup version 0.20.1-1-g8b1a95d (console) character file.

738 hilaritas the Slasher (level 7, -4/60 HPs)
             Began as a Minotaur Fighter on Feb 11, 2018.
             Was a Believer of Uskayaw.
             Splashed by a jelly's acid (8 damage)
             ... on level 5 of the Dungeon.
             The game lasted 00:07:41 (3596 turns).

hilaritas the Slasher (Minotaur Fighter)            Turns: 3596, Time: 00:07:42

Health: -4/60      AC: -6    Str: 22    XL:     7   Next: 46%
Magic:  8/8        EV:  7    Int:  6    God:    Uskayaw [**....]
Gold:   78         SH: 10    Dex:  9    Spells: 6/6 levels left

rFire    . . .     SeeInvis .   a - +1 long sword
rCold    . . .     Gourm    .   c - +0 shield
rNeg     . . .     Faith    .   b - +0 scale mail
rPois    .         Spirit   .   (helmet restricted)
rElec    .         Reflect  .   (no cloak)
rCorr    .         Harm     .   y - +0 pair of gloves
MR       .....                  x - +0 pair of boots (curse)
Stlth    ..........             i - amulet of rage
Regen    0.2/turn               (no ring)
MPRegen  0.2/turn               (no ring)

@: corroded
A: retaliatory headbutt, horns 2
a: Stomp, Line Pass, Renounce Religion, Evoke Berserk Rage


You were on level 5 of the Dungeon.
You worshipped Uskayaw.
Uskayaw was noncommittal.
You were not hungry.

You visited 1 branch of the dungeon, and saw 5 of its levels.

You collected 150 gold pieces.
You spent 72 gold pieces at shops.

Inventory:

Hand Weapons
 a - a +1 long sword (weapon)
 h - a +0 dagger
 v - a +0 falchion
Armour
 b - a +0 scale mail (worn)
 c - a +0 shield (worn)
 x - a cursed +0 pair of boots (worn)
 y - a +0 pair of gloves (worn)
Jewellery
 i - an amulet of rage (around neck)
Scrolls
 e - 2 scrolls of remove curse
 j - 2 scrolls of amnesia
 k - a scroll of enchant weapon
 l - 2 scrolls of fear
 n - 5 scrolls of teleportation
 t - a scroll of recharging
Potions
 d - a potion of might
 o - a potion of magic
 r - a potion of resistance
 w - a potion of degeneration {unknown}
Comestibles
 f - 4 bread rations
 g - 6 fruits
 s - a royal jelly
 u - 2 meat rations


   Skills:
 + Level 4.8 Fighting
 * Level 7.8 Long Blades
 - Level 3.6 Armour
 + Level 5.6 Shields
 * Level 2.8 Invocations


You had 6 spell levels left.
You didn't know any spells.

Dungeon Overview and Level Annotations

Branches:
Dungeon (5/15)             Temple (0/1) D:4

Altars:
Gozag
Okawaru
Sif Muna
Uskayaw
Yredelemnul

Shops:
D:4 [:%=

Annotations:
D:3 1 runed door


Innate Abilities, Weirdness & Mutations

You reflexively headbutt those who attack you in melee.
You have a pair of horns on your head.


Message History

You hit the jelly but do no damage.
Your hands burn!
The jelly is almost dead.
You block the jelly's attack.
You hit the jelly but do no damage. The acid corrodes you!
Your hands burn!
* * * LOW HITPOINT WARNING * * *
The jelly is almost dead.
The jelly hits you.
* * * LOW HITPOINT WARNING * * *
The acid corrodes you!
You are splashed with acid!
The acid burns!
* * * LOW HITPOINT WARNING * * *
Throwing (i - inventory):
p - a tomahawk (quivered)
Press: ? - help, Shift-Dir - straight line, f/p - jelly
Aim: a jelly (almost dead)
You throw a tomahawk.
The tomahawk hits the jelly but does no damage.
The jelly is almost dead.
The jelly hits you.
* * * LOW HITPOINT WARNING * * *
You are splashed with acid!
The acid burns!
You die...

.........##
(.........##
...........#
...$.......#
.>.........#
..?........#
...........#
.......@J(#
.........##
##########


You could see a jelly.

Vanquished Creatures
  The ghost of Frank the Slasher, a novice OpFi of Trog (D:4)
  An ogre (D:4)
  A human skeleton (D:3)
  2 iguanas (D:4)
  2 worker ants (D:4)
  5 gnolls
  4 adders
  An adder skeleton (D:4)
  2 worms
  6 leopard geckos
  2 orcs (D:4)
  8 bats
  3 giant cockroaches
  9 goblins
  8 hobgoblins
  2 jackals (D:2)
  4 kobolds
  A ball python (D:1)
  3 frilled lizards
  A jackal skeleton (D:4)
  4 rats
70 creatures vanquished.

Notes
Turn   | Place    | Note
-------+----------+-------------------------------------------
     0 | D:1      | hilaritas the Minotaur Fighter began the quest for the Orb.
     0 | D:1      | Reached XP level 1. HP: 19/19 MP: 0/0
   236 | D:1      | Reached XP level 2. HP: 27/27 MP: 1/1
   701 | D:2      | Found a deep blue altar of Sif Muna.
   718 | D:2      | Reached skill level 3 in Long Blades
   729 | D:2      | Reached XP level 3. HP: 28/33 MP: 2/2
  1227 | D:2      | Found a hide-covered altar of Uskayaw.
  1233 | D:2      | Became a worshipper of Uskayaw the Reveler
  1409 | D:2      | Reached * piety under Uskayaw
  1414 | D:2      | Reached ** piety under Uskayaw
  1646 | D:3      | Reached skill level 4 in Long Blades
  1646 | D:3      | Reached *** piety under Uskayaw
  1701 | D:3      | Reached XP level 4. HP: 37/40 MP: 3/3
  1855 | D:3      | Found an opulent altar of Gozag.
  1927 | D:3      | Found a runed door.
  1927 | D:3      | Noticed a human
  1941 | D:3      | Reached skill level 1 in Invocations
  2073 | D:3      | Found a basalt altar of Yredelemnul.
  2679 | D:4      | Reached XP level 5. HP: 46/46 MP: 4/4
  2707 | D:4      | Reached skill level 5 in Long Blades
  2754 | D:4      | Noticed Frank's ghost (novice OpFi)
  2768 | D:4      | HP: 4/46 [Frank's ghost (5)]
  2772 | D:4      | Killed Frank's ghost
  2772 | D:4      | Reached skill level 7 in Long Blades
  2772 | D:4      | Reached skill level 5 in Shields
  2772 | D:4      | Reached XP level 6. HP: 23/53 MP: 3/6
  2772 | D:4      | Reached XP level 7. HP: 27/60 MP: 3/7
  2940 | D:4      | Found a staircase to the Ecumenical Temple.
  3009 | D:4      | Found Sinoezxikk's Food Emporium.
  3014 | D:4      | Found Quhiwees's Jewellery Emporium.
  3329 | D:4      | Found Ovion's Armour Boutique.
  3329 | D:4      | Found Yfuenkat's Book Emporium.
  3351 | D:4      | Bought a cursed +0 pair of boots for 18 gold pieces
  3351 | D:4      | Bought a +0 pair of gloves for 54 gold pieces
  3412 | D:4      | Found an iron altar of Okawaru.
  3584 | D:5      | Entered Level 5 of the Dungeon
  3595 | D:5      | HP: 5/60 [acid (5)]
  3596 | D:5      | Splashed by a jelly's acid

Skill      XL: |  1  2  3  4  5 |
---------------+----------------+-----
Shields        | 4 5 |  5.6
Long Blades    | 3 4 7 |  7.8
Fighting       | 4 |  4.8
Invocations    | 1 2 |  2.8
Armour         | |  3.6

Action                   |  1- 3 |  4- 6 |  7- 9 || total
-------------------------+-------+-------+-------++-------
Melee: Long sword        |    87 |    80 |    32 ||   199
       Headbutt          |    11 |    11 |     3 ||    25
Throw: Tomahawk          |       |       |     7 ||     7
Invok: Stomp             |       |     1 |       ||     1
  Use: Scroll            |     7 |     2 |     2 ||    11
       Potion            |       |     1 |     1 ||     2
 Stab: Paralysed         |       |     1 |       ||     1
  Eat: Chunk             |     3 |     3 |     3 ||     9
Armor: Scale mail        |    32 |    19 |     8 ||    59
Dodge: Dodged            |    19 |    27 |     8 ||    54
Block: Shield            |    50 |    37 |    16 ||   103
       Rpst.: Long sword |     4 |     7 |     3 ||    14
